 Dungeon Crawl Stone Soup version 0.21-a0-525-ga34b322 (webtiles) character file.

1513 slep the Cleaver (level 8, 0/67 HPs)
             Began as a Grey Draconian Gladiator on Dec 7, 2017.
             Slain by a troll (20 damage)
             ... on level 7 of the Dungeon.
             The game lasted 00:16:09 (3938 turns).

slep the Cleaver (Grey Draconian Gladiator)         Turns: 3938, Time: 00:16:10

Health: 0/67       AC: 14    Str: 16    XL:     8   Next: 53%
Magic:  8/8        EV: 12    Int: 10    God:
Gold:   363        SH:  9    Dex: 14    Spells: 7/7 levels left

rFire    . . .     SeeInvis .   a - +0 war axe
rCold    . . .     Gourm    .   f - +0 shield (curse)
rNeg     . . .     Faith    .   (armour unavailable)
rPois    .         Spirit   .   b - +0 hat
rElec    .         Reflect  .   q - +2 cloak
rCorr    +         Harm     +   (no gloves)
MR       .....                  (no boots)
Stlth    +.........             y - amulet of harm
HPRegen  0.21/turn              F - ring of resist corrosion
MPRegen  0.11/turn              h - ring of loudness (curse)

@: flying
A: walk through water, unfitting armour, unbreathing, cold-blooded, AC +11
a: no special abilities


You were on level 7 of the Dungeon.
You were not hungry.

You visited 1 branch of the dungeon, and saw 7 of its levels.

You collected 363 gold pieces.

Inventory:

Hand Weapons
 a - a +0 war axe (weapon)
 e - a +0 mace of crushing
 v - a +2 vampiric hand axe
 H - a +0 blowgun
Missiles
 c - 3 throwing nets (quivered)
 B - 16 tomahawks
 I - 11 poisoned needles
Armour
 b - a +0 hat (worn)
 f - a cursed +0 shield (worn)
 i - a cursed +0 shield
 q - a +2 cloak (worn)
 G - a +2 buckler
Jewellery
 h - a cursed ring of loudness (right hand)
 y - an amulet of harm (around neck)
 F - a ring of resist corrosion (left hand)
Scrolls
 g - 2 scrolls of blinking {unknown}
 j - 4 scrolls of fog {unknown}
 k - 2 scrolls of remove curse {unknown}
 n - a scroll of immolation {unknown}
 p - a scroll of enchant armour {unknown}
 r - 3 scrolls of magic mapping {unknown}
 s - a scroll of identify {unknown}
 t - 3 scrolls of teleportation {unknown}
 A - a scroll of enchant weapon {unknown}
Potions
 l - 2 potions of flight
 m - a potion of degeneration {unknown}
 o - 2 potions of mutation {unknown}
 u - a potion of lignification {unknown}
 w - 2 potions of heal wounds {unknown}
 z - a potion of brilliance {unknown}
 C - a potion of haste {unknown}
 D - 5 potions of curing {unknown}
 E - a potion of might {unknown}
Books
 x - a book of Callings

   Spells                             Type                      Level
   a - Summon Small Mammal            Summoning                    1
   b - Call Imp                       Summoning                    2
   c - Call Canine Familiar           Summoning                    3
   d - Summon Guardian Golem          Hexes/Summoning              3
   e - Summon Lightning Spire         Summoning/Air                4
   f - Summon Ice Beast               Ice/Summoning                4
Comestibles
 d - 5 bread rations
 J - a royal jelly


   Skills:
 + Level 4.7 Fighting
 + Level 8.1 Axes
 + Level 2.0 Throwing
 + Level 4.6 Dodging
 + Level 1.1 Stealth
 + Level 4.4 Shields


You had 7 spell levels left.
You didn't know any spells.

Dungeon Overview and Level Annotations

Branches:
Dungeon (7/15)
 Temple: D:4-7

Altars:
Fedhas
Hepliaklqana
Nemelex Xobeh
Xom
Zin

Annotations:
D:4 Edmund
D:5 sugabear's ghost, novice VSGl


Innate Abilities, Weirdness & Mutations

You can walk through water.
Your dull iron-grey scales are very hard. (AC +11)
You cannot fit into any form of body armour.
You can survive without breathing.
You are cold-blooded and may be slowed by cold attacks.


Message History

The troll claws you but does no damage. You block the troll's attack.
The troll completely misses you. The troll closely misses you.
A crimson imp comes into view.
You see here 11 gold pieces.
The crimson imp hits you but does no damage.
There is a stone staircase leading up here.
It was a potion of flight.
You feel very buoyant.
You fly up into the air.
The crimson imp blinks!
The troll closely misses you. x2
The troll claws you but does no damage.
You barely miss the troll.
The troll is lightly wounded.
The troll bites you but does no damage. The troll claws you.
* * * LOW HITPOINT WARNING * * *
You block the troll's attack.
You slash the troll!
The troll is heavily wounded.
You closely miss the crimson imp. The crimson imp barely misses you.
The troll bites you!
You die...

# #.######## #.......(###
#..$.......# #........#.#
###."......#.########
.....b....#.........
######........#.........
......ยง@......#.........
#######T5.....#.........
.......$...............
#######.#######........
#######.###############
............... ..
#######!####... ... #.#
.... #.# .##


You could see a troll and a crimson imp.

Vanquished Creatures
  Grinder (D:4)
  A black bear (D:7)
  A big kobold (D:7)
  3 bullfrogs (D:6)
  3 scorpions
  3 howler monkeys
  A centaur zombie (D:6)
  A crimson imp (D:6)
  2 orc priests
  A hound (D:6)
  6 orc wizards
  An iguana (D:5)
  4 worker ants
  A hound zombie (D:3)
  A hound skeleton (D:5)
  9 adders
  4 oozes
  An adder zombie (D:5)
  3 dart slugs
  8 leopard geckos
  29 orcs
  10 bats
  2 giant cockroaches
  6 goblins
  8 hobgoblins
  7 jackals
  A quokka (D:6)
  2 ball pythons
  18 kobolds
  A leopard gecko skeleton (D:7)
  15 rats
154 creatures vanquished.

Notes
Turn   | Place    | Note
-------+----------+-------------------------------------------
     0 | D:1      | slep the Draconian Gladiator began the quest for the Orb.
     0 | D:1      | Reached XP level 1. HP: 17/17 MP: 1/1
   108 | D:1      | Reached XP level 2. HP: 20/24 MP: 2/2
   298 | D:1      | Reached XP level 3. HP: 4/29 MP: 3/3
  1127 | D:2      | Found a sparkling altar of Nemelex Xobeh.
  1237 | D:2      | Reached skill level 4 in Axes
  1239 | D:2      | Reached XP level 4. HP: 30/37 MP: 4/4
  1347 | D:2      | Found a faded altar of an unknown god.
  1370 | D:2      | Found a shimmering altar of Xom.
  1604 | D:3      | Reached XP level 5. HP: 39/42 MP: 5/5
  1819 | D:3      | Found a glowing silver altar of Zin.
  1937 | D:3      | Found a hazy altar of Hepliaklqana.
  1987 | D:4      | Noticed Grinder
  1998 | D:4      | Paralysed by Grinder for 3 turns
  2010 | D:4      | Killed Grinder
  2010 | D:4      | Reached skill level 5 in Axes
  2010 | D:4      | Reached skill level 1 in Shields
  2010 | D:4      | Reached XP level 6. HP: 49/51 MP: 6/6
  2076 | D:4      | Noticed Edmund
  2086 | D:5      | Entered Level 5 of the Dungeon
  2365 | D:5      | Reached skill level 6 in Axes
  2365 | D:5      | Your scales start taking on a dull iron-grey colour.
  2365 | D:5      | Reached XP level 7. HP: 36/57 MP: 7/7
  2365 | D:5      | Gained mutation: You can survive without breathing. [Grey Draconian growth]
  2722 | D:5      | Found a blossoming altar of Fedhas.
  3002 | D:5      | Noticed sugabear's ghost (novice VSGl)
  3093 | D:6      | Reached skill level 1 in Stealth
  3101 | D:6      | Reached skill level 7 in Axes
  3333 | D:6      | Reached XP level 8. HP: 66/66 MP: 8/8
  3659 | D:7      | Reached skill level 8 in Axes
  3922 | D:7      | Noticed a troll
  3938 | D:7      | Slain by a troll

Vault maps used:
D:1:      onia_arrival_handbag, serial_park_tiny_pond, minmay_tall_x
D:2:      xom_teletrap_fun, nicolae_overflow_crystal_walls,
          chequers_ecumenical_altar_grove
D:3:      zin_scriptorium, overflow_temple_1_default
D:4:      kennysheep_mini, serial_glass, glass_columns_c, glass_columns_c,
          uniq_grinder, uniq_edmund, uniq_menkaure
D:5:      basic_altar, first_bread
D:7:      minmay_temple_entry_butterflies

Skill      XL: |  1  2  3  4  5  6  7  8 |
---------------+-------------------------+-----
Throwing       | 2 |  2.0
Dodging        | 3 4 |  4.6
Axes           | 4 5 6 7 8 |  8.1
Fighting       | 3 4 |  4.7
Shields        | 1 2 3 4 |  4.4
Stealth        | 1 |  1.1

Action                   |  1- 3 |  4- 6 |  7- 9 || total
-------------------------+-------+-------+-------++-------
Melee: War axe           |   142 |   155 |   186 ||   483
       Tailslap          |    10 |    23 |    20 ||    53
  Use: Potion            |       |     1 |     1 ||     2
 Stab: Sleeping          |     3 |     1 |       ||     4
  Eat: Chunk             |     1 |     4 |     6 ||    11
Armor: Skin              |    56 |    48 |    83 ||   187
Dodge: Dodged            |    99 |    87 |    90 ||   276
Block: Shield            |    44 |    70 |    84 ||   198

Table legend:
 A = Spawn XP
 B = Non-spawn XP
 C = Spawn XP percentage of total XP
 D = Spawn monster count
 E = Non-spawn monster count
 F = Spawn count percentage of total count
 G = Total turns spent on level
                    A         B        C        D         E        F      G
               +---------+---------+-------+---------+---------+-------+---------
         Total |       0 |    2162 |   0.0 |       0 |     154 |   0.0 |  3938
               +---------+---------+-------+---------+---------+-------+---------
           D:1 |       0 |      57 |   0.0 |       0 |      33 |   0.0 |  1016
           D:2 |       0 |      80 |   0.0 |       0 |      17 |   0.0 |   473
           D:3 |       0 |     115 |   0.0 |       0 |      31 |   0.0 |   494
           D:4 |       0 |     415 |   0.0 |       0 |       4 |   0.0 |   103
           D:5 |       0 |     291 |   0.0 |       0 |      18 |   0.0 |   929
           D:6 |       0 |     661 |   0.0 |       0 |      27 |   0.0 |   556
           D:7 |       0 |     543 |   0.0 |       0 |      24 |   0.0 |   367
               +---------+---------+-------+---------+---------+-------+---------
